 Dungeon Crawl Stone Soup version 0.28.0-43-g3370ac3207 (webtiles) character file.

Game seed: 18265049555827177138

48 smarlow the Skirmisher (level 3, 0/27 (33) HPs)
             Began as a Minotaur Fighter on Mar 3, 2022.
             Slain by a goblin
             ... wielding a +0 club
             ... led by Robin
              (2 damage)
             ... on level 2 of the Dungeon.
             The game lasted 00:01:09 (899 turns).

smarlow the Skirmisher (Minotaur Fighter)            Turns: 899, Time: 00:01:10

HP:   0/27 (33)     AC:  8    Str: 22    XL:     3   Next: 50%
MP:   2/2           EV:  9    Int:  5    God:
Gold: 33            SH:  4    Dex:  9    Spells: 2/2 levels left

rFire   . . .      SeeInvis .   a - +0 war axe
rCold   . . .      Faith    .   c - +0 buckler
rNeg    . . .      Spirit   .   b - +0 scale mail
rPois   .          Reflect  .   (helmet restricted)
rElec   .          Harm     .   (no cloak)
rCorr   .          Rampage  .   (no gloves)
Will    .....                   i - +0 pair of boots
Stlth   ..........              (no amulet)
HPRegen 0.09/turn               (no ring)
MPRegen 0.08/turn               (no ring)

@: mighty, heavily drained
A: horns 2, retaliatory headbutt
a: no special abilities


You were on level 2 of the Dungeon.
You visited 1 branch of the dungeon, and saw 2 of its levels.

You collected 33 gold pieces.

Inventory:

Hand Weapons
 a - a +0 war axe (weapon)
Armour
 b - a +0 scale mail (worn)
 c - a +0 buckler (worn)
 i - a +0 pair of boots (worn)
Scrolls
 g - a scroll of immolation {unknown}
 h - a scroll of identify {unknown}
 j - a scroll of fog {unknown}
Potions
 e - a potion of flight {unknown}
 f - a potion of magic {unknown}
 k - a potion of attraction {unknown}


   Skills:
 * Level 4.2 Fighting
 * Level 3.3 Axes
 + Level 4.1 Armour
 + Level 4.0 Shields


You had 2 spell levels left.
You didn't know any spells.
Your spell library was empty.

Dungeon Overview and Level Annotations

Branches:
Dungeon (2/15)

Altars:

Annotations:
D:2 Robin


Innate Abilities, Weirdness & Mutations

You have a pair of horns on your head.
You reflexively headbutt those who attack you in melee.


Message History

You feel drained.
Robin roars a battlecry!
The goblins go into a battle-frenzy!
The hobgoblin hits you but does no damage.
The goblin barely misses you. The goblin hits you with a +0 club.
The hobgoblin hits you.
You closely miss the goblin. You hit the goblin. You barely miss the hobgoblin.
The goblin hits you with a +0 dagger of draining.
You feel drained. The hobgoblin closely misses you.
The goblin hits you but does no damage.
You closely miss the goblin.
The goblin is severely wounded.
You barely miss the goblin. You barely miss the hobgoblin.
You block the goblin's attack. The goblin hits you but does no damage.
The hobgoblin hits you but does no damage.
The goblin hits you with a +0 club. You block the goblin's attack.
The hobgoblin closely misses you.
You feel very mighty all of a sudden.
The goblin hits you with a +0 dagger of draining.
* * * LOW HITPOINT WARNING * * *
You feel drained.
* * * LOW HITPOINT WARNING * * *
Robin says, "Feeling lonely?"
The hobgoblin closely misses you. You furiously retaliate!
You headbutt the hobgoblin. The goblin hits you with a +0 club.
* * * LOW HITPOINT WARNING * * *
You hit the hobgoblin.
You kill the hobgoblin!
You slash the goblin!
You kill the goblin!
You barely miss the goblin. The goblin hits you but does no damage.
You feel drained.
You miss the goblin. You hit the goblin.
You kill the goblin!
You closely miss the goblin. The goblin hits you but does no damage.
The goblin closely misses you. You furiously retaliate!
You headbutt the goblin!
You kill the goblin!
The goblin hits you with a +0 club.
You die...

..(......##.#
#####.##.##.# #.##.##.#
#.......# ########.##.##
........#..#.##
.......###.##.# #####..
........#..#.####gg.....
..........#.....@gJ.....
........#.#..####gg.....
..........#...# #####..
............#.#
..####...##...# #.#
########.# #.# #.#
#.###########.#
...........>..#


You could see Robin, an endoplasm and 4 goblins.

Vanquished Creatures
  An adder (D:2)
  A dart slug (D:2)
  A ball python (D:1)
  4 bats
  4 endoplasms (D:1)
  A giant cockroach (D:1)
  8 goblins
  7 hobgoblins
  2 kobolds (D:1)
  A quokka (D:1)
  4 rats (D:1)
34 creatures vanquished.

Notes
Turn   | Place    | Note
-------+----------+-------------------------------------------
     0 | D:1      | smarlow the Minotaur Fighter began the quest for the Orb.
     0 | D:1      | Reached XP level 1. HP: 19/19 MP: 0/0
    19 | D:1      | Found a faded altar of an unknown god.
   250 | D:1      | Reached XP level 2. HP: 24/27 MP: 1/1
   584 | D:1      | Reached XP level 3. HP: 33/33 MP: 2/2
   892 | D:2      | Noticed Robin
   897 | D:2      | HP: 1/28 [goblin/+0 club[Robin] (6)]
   899 | D:2      | Slain by a goblin

Illustrated notes

Levels and vault maps discovered:
D:1:      erik_arrival_blinker_ship, layout_basic,
          dreamdust_ecumenical_altar_statues, minmay_misc_feat_roman
D:2:      layout_loops_cross, uniq_natasha, uniq_robin

Skill      XL: |  1  2  3 |
---------------+----------+-----
Fighting       | 4 |  4.2
Axes           | 3 |  3.3
Armour         | 4 |  4.1
Shields        | 4 |  4.0

Action                   || total
-------------------------++-------
Melee: War axe           ||    56
       Headbutt          ||     5
  Use: Potion            ||     1
Armor: Scale mail        ||    24
Dodge: Dodged            ||    27
Block: Buckler           ||    15
